 Dungeon Crawl Stone Soup version 0.30.1-9-gdf580d7c3d (webtiles) character file.

Game seed: 5462449277464367056

9 leafyfresh the Sneak (level 2, -8/21 HPs)
             Began as an Octopode Delver on Oct 12, 2023.
             Mangled by Menkaure (13 damage)
             ... on level 5 of the Dungeon.
             The game lasted 00:00:16 (43 turns).

leafyfresh the Sneak (Octopode Delver)                Turns: 43, Time: 00:00:17

Health: -8/21      AC:  1    Str: 11    XL:     2   Next: 16%
Magic:  2/2        EV: 13    Int: 12    God:
Gold:   0          SH:  0    Dex: 13    Spells: 1/1 levels left

rFire   . . .        a - +0 short sword
rCold   . . .        (no shield)
rNeg    . . .        (helmet restricted)
rPois   .            (no amulet)
rElec   .            (no ring)
rCorr   .            (no ring)
SInv    .            (no ring)
Will    .....        (no ring)
Stlth   ++++         (no ring)
HPRegen 0.23/turn    (no ring)
MPRegen 0.08/turn    (no ring)
                     (no ring)

%: no passive effects
@: no status effects
A: almost no armour, amphibious, 8 rings, camouflage 1, gelatinous body 1,
(nimble swimmer 1), tentacles
a: no special abilities


You were on level 5 of the Dungeon.
You visited 1 branch of the dungeon, and saw 1 of its levels.

Inventory:

Hand Weapons
 a - a +0 short sword (weapon)
Armour
 g - a +0 helmet
Wands
 f - a wand of digging (3)
Scrolls
 b - a scroll of fog
 c - a scroll of magic mapping
 d - a scroll of fear
Potions
 e - a potion of haste


   Skills:
 + Level 3.1 Fighting
 + Level 2.2 Short Blades
 + Level 2.2 Dodging
 + Level 6.8 Stealth


You had one spell level left.
You didn't know any spells.
Your spell library was empty.

Dungeon Overview and Level Annotations

Branches:
Dungeon (5/15)
 Temple: D:4-7

Altars:

Annotations:
D:5 Menkaure, Prince Ribbit


Innate Abilities, Weirdness & Mutations

You cannot wear most types of armour.
You are amphibious.
You can wear up to eight rings at the same time.
Your skin changes colour to match your surroundings (Stealth+).
Your rubbery body absorbs attacks. (AC +1, EV +1)
((You are camouflaged when in or above water. (Stealth+)))
You have tentacles for arms and can constrict up to eight enemies at once.


Message History

Menkaure gestures wildly while chanting.
Menkaure seems to speed up.
You open the door.
Found a helmet and a green potion.
There is an open door here.
Menkaure casts a spell at you. Pain shoots through your body!
Ouch! That really hurt!
You see here a +0 helmet.
g - a +0 helmet Menkaure casts a spell at you.
You barely resist. 2 gnolls come into view.
A gnoll is wielding a +2 whip of freezing.
The gnoll shouts!
Prince Ribbit comes into view.
A gnoll comes into view. It is wielding a +0 flail.
A gnoll comes into view. It is wielding a +0 whip.
The gnoll shouts!
You hear a shout!
The gnoll closely misses you.
You hit the gnoll. You grab the gnoll. You squeeze the gnoll!
You kill the gnoll!
Menkaure calls on the powers of darkness!
The gnoll convulses!
Your body is wracked with pain!
The gnoll convulses! x2
You have reached level 2!
The gnoll closely misses you.
You barely miss the gnoll. You grab the gnoll. You squeeze the gnoll.
The gnoll is almost dead.
You constrict the gnoll. Menkaure hits you.
* * * LOW HITPOINT WARNING * * *
The gnoll barely misses you.
You completely miss the gnoll.
You squeeze the gnoll, but do no damage.
The gnoll is almost dead.
You constrict the gnoll.
You kill the gnoll!
Menkaure hums a few words.
Menkaure hits you!
Ouch! That really hurt!
You die...

#....F.. #......##
#.......#######
#........!....#
#......##.....#
####......##.....#
######.........##.....#
#......gg......##.....#
#......@).#######.....#
#......)M.# ####'##
######...## #.# #...#
#.# #...# #.# #...#
#.### #...# #.... #####
####. ##


You could see Menkaure (fast) and 2 gnolls.

Vanquished Creatures
  2 gnolls (D:5)
2 creatures vanquished.

Notes
Turn   | Place    | Note
-------+----------+-------------------------------------------
     0 | D:5      | leafyfresh the Octopode Delver began the quest for the Orb.
     0 | D:5      | Reached XP level 1. HP: 16/16 MP: 1/1
     0 | D:5      | Noticed Menkaure
    28 | D:5      | Noticed Prince Ribbit
    41 | D:5      | Reached XP level 2. HP: 7/21 MP: 2/2
    43 | D:5      | Mangled by Menkaure

Illustrated notes

Levels and vault maps discovered:
D:5:      layout_basic, nicolae_dithmenos_through_a_glass_darkly, uniq_sigmund,
          uniq_prince_ribbit1, uniq_menkaure

Action                     || total
---------------------------++-------
  Melee: Short sword       ||     3
         Tentacles         ||     3
         Constrict         ||     2
  Dodge: Dodged            ||     3
